 Dungeon Crawl Stone Soup version 0.31.0-32-g396128a36d (webtiles) character file.

Game seed: 5185087217594579385

3068 spaghetti the Fighter (level 9, -6/102 HPs)
             Began as a Tengu Berserker on Mar 22, 2024.
             Was a Priest of Trog.
             Mangled by a gnoll
             ... wielding a +0 halberd of electrocution
              (9 damage)
             ... in a bailey.
             The game lasted 00:06:09 (5658 turns).

spaghetti the Fighter (Tengu Berserker)             Turns: 5658, Time: 00:06:09

Health: -6/102     AC: 24    Str: 17 (18) XL:     9   Next: 88%
Magic:  0/10       EV:  2    Int:  5 (7)  God:    Trog [***...]
Gold:   414        SH:  0    Dex: 15 (18) Spells: 8/8 levels left

rFire   . . .        k - +5 short sword (holy)
rCold   . . .        (no shield)
rNeg    + . .        b - melded +1 animal skin
rPois   +            (helmet currently unavailable)
rElec   .            (cloak currently unavailable)
rCorr   .            s - melded +2 pair of gloves
SInv    .            (boots unavailable)
Will    .....        o - amulet of guardian spirit
Stlth   +            m - ring of positive energy
HPRegen 0.37/turn    (no ring)
MPRegen 0.12/turn

%: acrobat, guardian spirit
@: brilliant, tree-form (expiring), on berserk cooldown, attractive, slowed,
studying Short Blades, very slow
A: stationary, stasis, torment immunity, boosted hp, (beak), (talons 3), evasive
flight, acrobatic, (iridescent scales 2), (fire resistance 1), robust 1
a: Renounce Religion, Berserk, Trog's Hand


You were in a bailey.
You worshipped Trog.
Trog was most pleased with you.
You were a tree.
You visited 1 branch of the dungeon, and saw 7 of its levels.
You also visited: Bailey.

You collected 414 gold pieces.

Inventory:

Hand Weapons
 a - a +0 falchion
 k - a +5 short sword of holy wrath (weapon)
Armour
 b - a +1 animal skin (melded)
 s - a +2 pair of gloves (melded)
Jewellery
 m - a ring of positive energy (left branch)
 o - an amulet of guardian spirit (around neck)
Wands
 r - a wand of mindburst (11)
Scrolls
 c - 3 scrolls of teleportation
 e - 2 scrolls of amnesia
 u - a scroll of noise
 x - a scroll of enchant armour
Potions
 d - a potion of attraction
 f - 2 potions of curing
 g - 2 potions of ambrosia
 j - a potion of degeneration
 l - a potion of berserk rage
 n - 2 potions of mutation
 q - 2 potions of heal wounds {unknown}
 v - a potion of might {unknown}
 w - 2 potions of haste {unknown}


   Skills:
 - Level 10.0 Fighting
 - Level 8.4(10.0) Short Blades
 - Level 8.4(10.0) Long Blades
 + Level 3.5 Armour
 + Level 3.4 Dodging


You had 8 spell levels left.
You didn't know any spells.
Your spell library was empty.

Dungeon Overview and Level Annotations

Branches:
Dungeon (7/15)             Bailey (1/1)
 Temple: D:4-7

Altars:
Hepliaklqana
Makhleb
Qazlal
Sif Muna
Xom
Zin
The Shining One

Shops:
D:6 [


Innate Abilities, Weirdness & Mutations

You are a tree.
Your roots penetrate the ground, keeping you stationary.
You cannot be teleported.
You are immune to unholy pain and torment.
Your maximum health is greatly increased.
Your equipment is partially melded.
((You have a beak for a mouth.))
((You have claws for feet.))
Your magical flight helps you evade attacks. (EV +4)
You can magically evade attacks while moving or waiting.
((You are mostly covered in iridescent scales. (AC +4)))
((Your flesh is heat resistant. (rF+)))
You are robust. (+10% HP)


Message History

The orc hits you but does no damage.
The orc knight hits you but does no damage.
The orc hits you but does no damage. x2
The gnoll hits you from afar with a +0 halberd of electrocution.
It was a potion of berserk rage.
You're still recovering from your berserk rage.
Your transformation is almost over.
The orc hits you but does no damage. x2
The orc knight hits you but does no damage.
The orc hits you with a +0 trident. The gnoll hits you but does no damage.
The orc knight hits you with a +0 halberd!
The orc hits you with a +0 trident. The orc hits you but does no damage. x2
The gnoll hits you but does no damage.
It was a potion of mutation.
You feel extremely strange.
You feel robust.
You feel resistant to heat.
Iridescent scales grow over part of your body.
Iridescent scales spread over more of your body.
Your enlightenment fades.
The orc hits you from afar with a +0 spear!
* * * LOW HITPOINT WARNING * * *
The orc knight hits you with a +0 halberd.
* * * LOW HITPOINT WARNING * * *
The orc hits you with a +0 trident!
* * * LOW HITPOINT WARNING * * *
The orc hits you with a +0 halberd!
* * * LOW HITPOINT WARNING * * *
The gnoll hits you but does no damage.
It was a potion of brilliance.
You feel clever all of a sudden. The orc hits you but does no damage. x2
The orc knight hits you but does no damage.
The orc hits you but does no damage. The gnoll barely misses you.
The orc knight hits you but does no damage.
The orc hits you with a +0 trident.
* * * LOW HITPOINT WARNING * * *
The orc hits you with a +0 halberd.
* * * LOW HITPOINT WARNING * * *
The orc hits you but does no damage.
The gnoll hits you from afar with a +0 halberd of electrocution!
You die...

#)## ##)#)## #)# ##
##### #.###. ##)#.#
##'##'##'###+##+##+
##.....## #!.!.!#
###.....### #.!.!.#
#.'..⌠..')# +!.⌠.!+
#....o### #o!.!.#
#..oo♣## ##gg!.!#
#'##+##o###'##+##+
##gg.## #####


You could see an orc knight, 2 gnolls and 3 orcs.

Vanquished Creatures
  Maggie (D:7)
  A shadow (D:5)
  A wraith (D:6)
  Menkaure (D:5)
  2 water moccasins
  2 orc warriors (D:6)
  A sky beast (D:7)
  2 ice beasts
  An ogre (D:5)
  A kobold brigand (D:5)
  A bullfrog (D:6)
  2 scorpions (D:5)
  8 wights
  2 bombardier beetles
  2 hounds (D:6)
  4 jellies
  A gnoll bouda (D:4)
  4 orc priests
  A sleepcap (D:5)
  3 iguanas
  4 orc wizards
  15 gnolls
  9 adders
  3 white imps
  2 ufetubi (D:7)
  5 dart slugs
  4 ribbon worms
  16 orcs
  9 endoplasms
  3 giant cockroaches
  4 hobgoblins
  4 jackals (D:1)
  2 quokkas
  3 ball pythons
  5 bats
  4 frilled lizards
  6 goblins
  5 kobolds
  5 rats
149 creatures vanquished.

Notes
Turn   | Place    | Note
-------+----------+-------------------------------------------
     0 | D:1      | spaghetti the Tengu Berserker began the quest for the Orb.
     0 | D:1      | Reached XP level 1. HP: 14/14 MP: 2/2
   148 | D:1      | Reached XP level 2. HP: 17/19 MP: 3/3
   960 | D:2      | Reached XP level 3. HP: 23/23 MP: 4/4
  1507 | D:2      | Reached ** piety under Trog
  1805 | D:3      | Reached skill level 5 in Long Blades
  1896 | D:3      | Found a shimmering altar of Xom.
  1952 | D:3      | Reached XP level 4. HP: 23/28 MP: 3/5
  2042 | D:3      | Found a stormy altar of Qazlal.
  2404 | D:4      | HP: 1/42 [gnoll/+0 spear[a gnoll bouda] (2)]
  2410 | D:4      | Reached XP level 5. HP: 2/32 MP: 0/6
  2755 | D:4      | Reached XP level 6. HP: 37/37 MP: 3/7
  3215 | D:5      | Entered Level 5 of the Dungeon
  3323 | D:5      | Reached skill level 1 in Short Blades
  3323 | D:5      | Gained mutation: Your magical flight helps you evade
                  | attacks. (EV +4) [Tengu growth]
  3323 | D:5      | Reached XP level 7. HP: 40/41 MP: 8/8
  3357 | D:5      | Noticed a shadow
  3368 | D:5      | Killed a shadow
  3444 | D:5      | Noticed Menkaure
  3452 | D:5      | Killed Menkaure
  3453 | D:5      | Reached XP level 8. HP: 44/46 MP: 4/9
  3600 | D:5      | Reached skill level 4 in Fighting
  3882 | D:5      | Reached skill level 5 in Fighting
  3934 | D:5      | Reached *** piety under Trog
  4249 | D:6      | Reached skill level 6 in Fighting
  4368 | D:6      | Reached skill level 7 in Fighting
  4515 | D:6      | Noticed a wraith
  4526 | D:6      | Reached XP level 9. HP: 57/57 MP: 7/10
  4529 | D:6      | Reached skill level 8 in Fighting
  4606 | D:6      | Found Ogrur's Armour Shop.
  4905 | D:6      | Found a hazy altar of Hepliaklqana.
  5075 | D:7      | Noticed Maggie
  5103 | D:6      | Reached skill level 9 in Fighting
  5195 | D:7      | Killed Maggie
  5245 | D:7      | Reached skill level 10 in Fighting
  5390 | D:7      | Found a glowing golden altar of the Shining One.
  5390 | D:7      | Found a shimmering blue altar of Sif Muna.
  5392 | D:7      | Found a burning altar of Makhleb.
  5393 | D:7      | Found a glowing silver altar of Zin.
  5459 | D:7      | Found a flagged portal.
  5528 | Bailey   | Entered a bailey
  5635 | Bailey   | Noticed an orc knight
  5657 | Bailey   | Gained mutation: You are robust. (+10% HP) [potion of
                  | mutation]
  5657 | Bailey   | Gained mutation: Your flesh is heat resistant. (rF+)
                  | [potion of mutation]
  5657 | Bailey   | Gained mutation: You are partially covered in iridescent
                  | scales. (AC +2) [potion of mutation]
  5657 | Bailey   | Gained mutation: You are mostly covered in iridescent
                  | scales. (AC +4) [potion of mutation]
  5658 | Bailey   | HP: 3/102 [orc/+0 halberd (4)]
  5658 | Bailey   | Mangled by a gnoll

Illustrated notes

Levels and vault maps discovered:
D:1:      dpeg_arrival_ternary, layout_basic, minmay_misc_feat_iff,
          minmay_pentomino_u2
D:2:      layout_basic
D:3:      layout_loops_ring, nicolae_qazlal_eye_of_the_storm,
          mainiacjoe_overflow_concentric_impassable
D:4:      layout_basic, minmay_misc_feat_alley
D:5:      layout_rooms, minmay_manual_moon, uniq_menkaure
D:6:      layout_cave_pools, nzn_hepliaklqana_mist_gate,
          serial_library_hellmonk_open_square, kennysheep_windowed_goal
D:7:      layout_cave_pools, mainiacjoe_overflow_alcove_3, lemuel_tele_altar,
          elyvilon_altar_5, minmay_temple_entry_grid, enter_bailey_4,
          serial_bayou_ford_a, uniq_joseph, uniq_maggie
Bailey:   bailey_polearm_nasty_gnolls, bailey

Skill      XL: |  1  2  3  4  5  6  7  8  9 |
---------------+----------------------------+-----
Long Blades    | 4 5 6 7 8 |  8.4
Short Blades   | 1 8 |  8.4
Fighting       | 7 10 | 10.0
Armour         | 3 |  3.5
Dodging        | 3 |  3.4

Action                     |  1- 3 |  4- 6 |  7- 9 || total
---------------------------+-------+-------+-------++-------
  Melee: Falchion          |    71 |       |       ||    71
         Kick              |    22 |    21 |    74 ||   117
         Peck              |     9 |    11 |    43 ||    63
         Punch             |     1 |       |       ||     1
         Short sword       |    14 |    81 |   233 ||   328
 Invoke: Berserk           |     1 |     3 |     9 ||    13
         Trog's Hand       |       |       |     1 ||     1
    Use: Scroll            |       |     7 |     6 ||    13
         Potion            |       |       |     9 ||     9
   Stab: Sleeping          |     6 |     2 |     4 ||    12
 Armour: Animal skin       |    32 |    30 |    72 ||   134
         Skin              |       |       |    41 ||    41
  Dodge: Dodged            |    44 |    28 |   150 ||   222
